Workbook
Name _\s: #N/A
Name _01: #REF!
Name _01: #REF!
Name _01_4: #REF!
Name _01_4: #REF!
Name _10Excel_BuiltIn_Print_Area_1_1_1: #REF!
Name _10Excel_BuiltIn_Print_Area_1_1_1: #REF!
Name _11Excel_BuiltIn_Print_Area_1_1_1_1: #REF!
Name _12Excel_BuiltIn_Print_Area_1_1_1_1_1: #REF!
Name _13Excel_BuiltIn_Print_Area_5_1: #REF!
Name _14Excel_BuiltIn_Print_Area_5_1_1: "$#REF!.$A$1:$F$49"
Name _15Excel_BuiltIn_Print_Area_7_1: #REF!
Name _15Excel_BuiltIn_Print_Area_7_1: #REF!
Name _16ILUM_4_1: "$#REF!.$#REF!$#REF!"
Name _17INTE_4_1: "$#REF!.$#REF!$#REF!"
Name _18PARA_4_1: "$#REF!.$#REF!$#REF!"
Name _1CABO_4_1: "$#REF!.$#REF!$#REF!"
Name _2CAIX_4_1: "$#REF!.$#REF!$#REF!"
Name _3CDT_4_1: "$#REF!.$#REF!$#REF!"
Name _4COND_4_1: "$#REF!.$#REF!$#REF!"
Name _5CONE_4_1: "$#REF!.$#REF!$#REF!"
Name _6DIVE_4_1: "$#REF!.$#REF!$#REF!"
Name _7EQUI_4_1: "$#REF!.$#REF!$#REF!"
Name _8Excel_BuiltIn_Print_Area_1: #REF!
Name _8Excel_BuiltIn_Print_Area_1: #REF!
Name _9Excel_BuiltIn_Print_Area_1_1: #REF!
Name _9Excel_BuiltIn_Print_Area_1_1: #REF!
Name _A99990: '[1]Climatização Prédio DECEA'!#REF!
Name _A99990: '[1]Climatização Prédio DECEA'!#REF!
Name _A99999: '[1]Climatização Prédio DECEA'!#REF!
Name _A99999: '[1]Climatização Prédio DECEA'!#REF!
Name _s: #REF!
Name _s: #REF!
Name Á1: #REF!
Name Á1: #REF!
Name AAAA: #REF!
Name AAAA: #REF!
Name ACRES: #REF!
Name ACRES_4: #REF!
Name Área_impressão_IM: #REF!
Name Área_impressão_IM: #REF!
Name Área_impressão_IM_1: #REF!
Name Área_impressão_IM_1: #REF!
Name Área_impressão_IM_1_4: '[2]ICEA - SJC'!#REF!
Name Área_impressão_IM_1_4: '[2]ICEA - SJC'!#REF!
Name Área_impressão_IM_4: #REF!
Name Área_impressão_IM_4: #REF!
Name arredondamento: #REF!
Name arredondamento: #REF!
Name BBBB: #REF!
Name BBBB: #REF!
Name bdi: #REF!
Name BuiltIn_AutoFilter___1: #REF!
Name CABO: "PQ.$#REF!$#REF!"
Name CABO_2: #REF!
Name CABO_2: #REF!
Name CABO_3: "$#REF!.$#REF!$#REF!"
Name CABO_4: "$#REF!.$#REF!$#REF!"
Name CABO_4_1: "$#REF!.$#REF!$#REF!"
Name CABO_5: "$#REF!.$#REF!$#REF!"

Sheet Resumo
A1: (razão social da empresa licitante)
A2: (n.º do CNPJ)
A3: ANEXO II-A DO EDITAL DE LICITAÇÃO POR CONCORRÊNCIA ELETRÔNICA N.º 90.002/2024
A4: RESUMO DE ORÇAMENTO PARA EXECUÇÃO DE OBRA POR EMPREITADA POR PREÇO UNITÁRIO
A5: =Orçamento!A5 -> OBRA: Contratação de Obra de Engenharia para execução de remanescente do Prédio do Instituto de Química
A6: =Orçamento!A6 -> LOCAL: Rua Passos da Pátria nº 156, Bairro São Domingos, Niterói - RJ
C7: ESTIMADO PELA UFF | E7: PROPOSTO PELA EMPRESA
A8: ITEM | B8: DESCRIÇÃO DO ITEM | C8: % | D8: TOTAL DO ITEM (R$) | E8: % | F8: TOTAL DO ITEM (R$)
C9: SERVIÇO | E9: SERVIÇO
A10: 1. | B10: PROJETOS | C10: =D10/$D$31 -> 0.004953314 | D10: =Orçamento!K13 -> 116075.52 | E10: =F10/$F$31 -> 0.004953314 | F10: =Orçamento!P13 -> 116075.52
A11: 2. | B11: GERENCIAMENTO DE OBRAS / FISCALIZAÇÃO | C11: =D11/$D$31 -> 0.071686053 | D11: =Orçamento!K32 -> 1679884.6 | E11: =F11/$F$31 -> 0.071686053 | F11: =Orçamento!P32 -> 1679884.6
A12: 3. | B12: SERVIÇOS PRELIMINARES | C12: =D12/$D$31 -> 0.015970166 | D12: =Orçamento!K34 -> 374243.45 | E12: =F12/$F$31 -> 0.015970166 | F12: =Orçamento!P34 -> 374243.45
A13: 4. | B13: MOVIMENTO DE TERRA | C13: =D13/$D$31 -> 0.0012121848 | D13: =Orçamento!K114 -> 28406.23 | E13: =F13/$F$31 -> 0.0012121848 | F13: =Orçamento!P114 -> 28406.23
A14: 5. | B14: FUNDAÇÃO E INFRAESTRUTURA | C14: =D14/$D$31 -> 0.016015029 | D14: =Orçamento!K124 -> 375294.77 | E14: =F14/$F$31 -> 0.016015029 | F14: =Orçamento!P124 -> 375294.77
A15: 6. | B15: SUPERESTRUTURA | C15: =D15/$D$31 -> 0.021639825 | D15: =Orçamento!K171 -> 507105.72 | E15: =F15/$F$31 -> 0.021639825 | F15: =Orçamento!P171 -> 507105.72
A16: 7. | B16: ELEMENTOS DE FECHAMENTO | C16: =D16/$D$31 -> 0.0036150223 | D16: =Orçamento!K212 -> 84714.11 | E16: =F16/$F$31 -> 0.0036150223 | F16: =Orçamento!P212 -> 84714.11
A17: 8. | B17: COBERTURAS | C17: =D17/$D$31 -> 0.002949107 | D17: =Orçamento!K218 -> 69109.11 | E17: =F17/$F$31 -> 0.002949107 | F17: =Orçamento!P218 -> 69109.11
A18: 9. | B18: IMPERMEABILIZAÇÃO, ISOLAMENTO TÉRMICO E ACÚSTICO | C18: =D18/$D$31 -> 0.0080395799 | D18: =Orçamento!K224 -> 188398.8 | E18: =F18/$F$31 -> 0.0080395799 | F18: =Orçamento!P224 -> 188398.8
A19: 10. | B19: ESQUADRIAS E VIDROS | C19: =D19/$D$31 -> 0.076011628 | D19: =Orçamento!K235 -> 1781249.7 | E19: =F19/$F$31 -> 0.076011628 | F19: =Orçamento!P235 -> 1781249.7
A20: 11. | B20: INSTALAÇÕES HIDRÁULICAS E SANITÁRIAS | C20: =D20/$D$31 -> 0.023282169 | D20: =Orçamento!K276 -> 545592.27 | E20: =F20/$F$31 -> 0.023282169 | F20: =Orçamento!P276 -> 545592.27
A21: 12. | B21: INSTALAÇÕES ELÉTRICAS | C21: =D21/$D$31 -> 0.33081996 | D21: =Orçamento!K360 -> 7752405.4 | E21: =F21/$F$31 -> 0.33081996 | F21: =Orçamento!P360 -> 7752405.4
A22: 13. | B22: INSTALAÇÕES LÓGICA / TELEFONIA /CFTV | C22: =D22/$D$31 -> 0.032950726 | D22: =Orçamento!K615 -> 772164.38 | E22: =F22/$F$31 -> 0.032950726 | F22: =Orçamento!P615 -> 772164.38
A23: 14. | B23: INSTALAÇÃO DE INCÊNDIO | C23: =D23/$D$31 -> 0.080985847 | D23: =Orçamento!K656 -> 1897815.1 | E23: =F23/$F$31 -> 0.080985847 | F23: =Orçamento!P656 -> 1897815.1
A24: 15. | B24: AR CONDICIONADO | C24: =D24/$D$31 -> 0.16245582 | D24: =Orçamento!K763 -> 3806975.1 | E24: =F24/$F$31 -> 0.16245582 | F24: =Orçamento!P763 -> 3806975.1
A25: 16. | B25: REVESTIMENTO PAREDE | C25: =D25/$D$31 -> 0.0034846275 | D25: =Orçamento!K956 -> 81658.45 | E25: =F25/$F$31 -> 0.0034846275 | F25: =Orçamento!P956 -> 81658.45
A26: 17. | B26: REVESTIMENTO PISO | C26: =D26/$D$31 -> 0.048361988 | D26: =Orçamento!K961 -> 1133310.5 | E26: =F26/$F$31 -> 0.048361988 | F26: =Orçamento!P961 -> 1133310.5
A27: 18. | B27: PINTURA | C27: =D27/$D$31 -> 0.024912309 | D27: =Orçamento!K983 -> 583792.84 | E27: =F27/$F$31 -> 0.024912309 | F27: =Orçamento!P983 -> 583792.84
A28: 19. | B28: EQUIPAMENTOS | C28: =D28/$D$31 -> 0.020439304 | D28: =Orçamento!K1001 -> 478972.84 | E28: =F28/$F$31 -> 0.020439304 | F28: =Orçamento!P1001 -> 478972.84
A29: 20. | B29: FORRO | C29: =D29/$D$31 -> 0.043457515 | D29: =Orçamento!K1004 -> 1018379.5 | E29: =F29/$F$31 -> 0.043457515 | F29: =Orçamento!P1004 -> 1018379.5
A30: 21. | B30: SERVIÇOS COMPLEMENTARES | C30: =D30/$D$31 -> 0.0067578319 | D30: =Orçamento!K1011 -> 158362.43 | E30: =F30/$F$31 -> 0.0067578319 | F30: =Orçamento!P1011 -> 158362.43
A31: TOTAL GERAL | C31: =SUM(C10:C30) -> 1 | D31: =SUM(D10:D30) -> 23433911 | E31: =SUM(E10:E30) -> 1 | F31: =SUM(F10:F30) -> 23433911
A32: Local e data: | D32: Identificação (nome e CPF) e assinatura do representante legal da empresa e carimbo com CNPJ
A33: Identificação (nome por extenso) e assinatura do Responsável Técnico pelo Orçamento: | C33: N.º do CREA/CAU/CRT
B34: OBSERVAÇÃO:
B35: A planilha deve ser assinada pelo responsável técnico pela sua confecção (Art. 14 Lei 5.194/66), (identificado pelo nome) e número do CREA/CAU/CRT e pelo representante legal da empresa (identificado pelo nome e CPF), com carimbo do CNPJ.

Sheet Orçamento
A1: (razão social da empresa licitante)
A2: (n.º do CNPJ)
A3: ANEXO II-B DO EDITAL DE LICITAÇÃO POR CONCORRÊNCIA ELETRÔNICA N.º 90.002/2024
A4: MODELO DE PLANILHA DE ORÇAMENTO PARA EXECUÇÃO DE OBRA POR EMPREITADA POR PREÇO UNITÁRIO
A5: OBRA: Contratação de Obra de Engenharia para execução de remanescente do Prédio do Instituto de Química
A6: LOCAL: Rua Passos da Pátria nº 156, Bairro São Domingos, Niterói - RJ
A7: BDI | B7: BDI EQUIP.
A8: =[9]BDI!$D$35 -> 0.2644 | B8: =[9]BDI_DIF.!$D$35 -> 0.1689
E9: VALOR ESTIMADO UFF | L9: VALOR PROPOSTO
A10: ITEM | B10: CÓDIGO | C10: BANCO | D10: DESCRIÇÃO | E10: UNID. | F10: QUANT. (A) | G10: CUSTO UNITÁRIO (B) | H10: BDI (%) (C) | I10: PREÇO (R$) | L10: % DESCONTO (G) preencher com o desconto apenas a célula L866 | M10: PREÇO (R$) | P10: TOTAL DO GRUPO
I11: UNITÁRIO (D = BxC) | J11: TOTAL
J12: SUBITEM (E = A X D) | K12: SERVIÇO (F = Σ E) | M12: UNITÁRIO + BDI (H) | N12: SUBITEM (I = G x H) | O12: TOTAL DO ITEM
A13: 1 | D13: PROJETOS | K13: =SUM(J14:J31) -> 116075.52 | O13: =SUM(N14:N31) -> 116075.52 | P13: =O13 -> 116075.52
A14: 1.1 | B14: 01.050.0810-A | C14: EMOP | D14: PROJETO DE AS BUILT DE ARQUITETURA PARA PREDIOS ESCOLARES E/ OU ADMINISTRATIVOS ATE 500M2,APRESENTADO NOS PADROES DA CONT RATANTE,INCLUSIVE COORDENACAO E COMPATIBILIZACAO COM OS PROJ ETOS COMPLEMENTARES | E14: M2 | F14: 500 | G14: 11.6 | H14: 0.2644 | I14: =(TRUNC(G14*H14,2)+G14) -> 14.66 | J14: =(TRUNC(I14*F14,2)) -> 7330 | L14: =$L$1046 -> 0 | M14: =I14*(1-L14) -> 14.66 | N14: =(TRUNC(M14*F14,2)) -> 7330
A15: 1.2 | B15: 01.050.0811-A | C15: EMOP | D15: PROJETO DE AS BUILT DE ARQUITETURA PARA PREDIOS ESCOLARES E/ OU ADMINISTRATIVOS DE 501 ATE 3000M2,APRESENTADO NOS PADROES DA CONTRATANTE,INCLUSIVE COORDENACAO E COMPATIBILIZACAO COM OS PROJETOS COMPLEMENTARES | E15: M2 | F15: 2500 | G15: 8.42 | H15: 0.2644 | I15: =(TRUNC(G15*H15,2)+G15) -> 10.64 | J15: =(TRUNC(I15*F15,2)) -> 26600 | L15: =$L$1046 -> 0 | M15: =I15*(1-L15) -> 10.64 | N15: =(TRUNC(M15*F15,2)) -> 26600
A16: 1.3 | B16: 01.050.0812-A | C16: EMOP | D16: PROJETO DE AS BUILT DE ARQUITETURA PARA PREDIOS ESCOLARES E/ OU ADMINISTRATIVOS ACIMA DE 3000M2,APRESENTADO NOS PADROES D A CONTRATANTE,INCLUSIVE COORDENACAO E COMPATIBILIZACAO COM O S PROJETOS COMPLEMENTARES | E16: m² | F16: 5503.41 | G16: 6.76 | H16: 0.2644 | I16: =(TRUNC(G16*H16,2)+G16) -> 8.54 | J16: =(TRUNC(I16*F16,2)) -> 46999.12 | L16: =$L$1046 -> 0 | M16: =I16*(1-L16) -> 8.54 | N16: =(TRUNC(M16*F16,2)) -> 46999.12
A17: 1.4 | B17: 01.050.0955-A | C17: EMOP | D17: PROJETO DE AS BUILT DE INSTALACAO ELETRICA PARA PREDIOS ESCO LARES E/OU ADMINISTRATIVOS ATE 500M2,APRESENTADO NOS PADROES DA CONTRATANTE | E17: m² | F17: 500 | G17: 1.69 | H17: 0.2644 | I17: =(TRUNC(G17*H17,2)+G17) -> 2.13 | J17: =(TRUNC(I17*F17,2)) -> 1065 | L17: =$L$1046 -> 0 | M17: =I17*(1-L17) -> 2.13 | N17: =(TRUNC(M17*F17,2)) -> 1065
A18: 1.5 | B18: 01.050.0956-A | C18: EMOP | D18: PROJETO DE AS BUILT DE INSTALACAO ELETRICA PARA PREDIOS ESCO LARES E/OU ADMINISTRATIVOS DE 501 ATE 3000M2,APRESENTADO NOS PADROES DA CONTRATANTE | E18: m² | F18: 2500 | G18: 1.41 | H18: 0.2644 | I18: =(TRUNC(G18*H18,2)+G18) -> 1.78 | J18: =(TRUNC(I18*F18,2)) -> 4450 | L18: =$L$1046 -> 0 | M18: =I18*(1-L18) -> 1.78 | N18: =(TRUNC(M18*F18,2)) -> 4450
A19: 1.6 | B19: 01.050.0957-A | C19: EMOP | D19: PROJETO DE AS BUILT DE INSTALACAO ELETRICA PARA PREDIOS ESCO LARES E/OU ADMINISTRATIVOS ACIMA DE 3000M2,APRESENTADO NOS PADROES DA CONTRATANTE | E19: m² | F19: 5503.41 | G19: 0.83 | H19: 0.2644 | I19: =(TRUNC(G19*H19,2)+G19) -> 1.04 | J19: =(TRUNC(I19*F19,2)) -> 5723.54 | L19: =$L$1046 -> 0 | M19: =I19*(1-L19) -> 1.04 | N19: =(TRUNC(M19*F19,2)) -> 5723.54
A20: 1.7 | B20: 01.050.0980-A | C20: EMOP | D20: PROJETO DE AS BUILT DE INSTALACAO DE SEGURANCA (CFTV E SONOR IZACAO) ATE 500M2,APRESENTADO NOS PADROES DA CONTRATANTE | E20: m² | F20: 500 | G20: 0.55 | H20: 0.2644 | I20: =(TRUNC(G20*H20,2)+G20) -> 0.69 | J20: =(TRUNC(I20*F20,2)) -> 345 | L20: =$L$1046 -> 0 | M20: =I20*(1-L20) -> 0.69 | N20: =(TRUNC(M20*F20,2)) -> 345
A21: 1.8 | B21: 01.050.0981-A | C21: EMOP | D21: PROJETO DE AS BUILT DE INSTALACAO DE SEGURANCA (CFTV E SONOR IZACAO) DE 501 ATE 3000M2,APRESENTADO NOS PADROES DA CONTRAT ANTE | E21: m² | F21: 2500 | G21: 0.39 | H21: 0.2644 | I21: =(TRUNC(G21*H21,2)+G21) -> 0.49 | J21: =(TRUNC(I21*F21,2)) -> 1225 | L21: =$L$1046 -> 0 | M21: =I21*(1-L21) -> 0.49 | N21: =(TRUNC(M21*F21,2)) -> 1225
A22: 1.9 | B22: 01.050.0982-A | C22: EMOP | D22: PROJETO DE AS BUILT DE INSTALACAO DE SEGURANCA (CFTV E SONOR IZACAO) ACIMA DE 3000M2,APRESENTADO NOS PADROES DA CONTRATAN TE | E22: m² | F22: 5503.41 | G22: 0.22 | H22: 0.2644 | I22: =(TRUNC(G22*H22,2)+G22) -> 0.27 | J22: =(TRUNC(I22*F22,2)) -> 1485.92 | L22: =$L$1046 -> 0 | M22: =I22*(1-L22) -> 0.27 | N22: =(TRUNC(M22*F22,2)) -> 1485.92
A23: 1.10 | B23: 01.050.0840-A | C23: EMOP | D23: PROJETO DE AS BUILT DE INSTALACAO DE INCENDIO E SPDA PARA PR EDIOS ESCOLARES E/OU ADMINISTRATIVOS ATE 500M2,APRESENTADO NOS PADROES DA CONTRATANTE | E23: m² | F23: 500 | G23: 0.83 | H23: 0.2644 | I23: =(TRUNC(G23*H23,2)+G23) -> 1.04 | J23: =(TRUNC(I23*F23,2)) -> 520 | L23: =$L$1046 -> 0 | M23: =I23*(1-L23) -> 1.04 | N23: =(TRUNC(M23*F23,2)) -> 520
A24: 1.11 | B24: 01.050.0841-A | C24: EMOP | D24: PROJETO DE AS BUILT DE INSTALACAO DE INCENDIO E SPDA PARA PR EDIOS ESCOLARES E/OU ADMINISTRATIVOS DE 501 ATE 3000M2,APRES ENTADO NOS PADROES DA CONTRATANTE | E24: m² | F24: 2500 | G24: 0.45 | H24: 0.2644 | I24: =(TRUNC(G24*H24,2)+G24) -> 0.56 | J24: =(TRUNC(I24*F24,2)) -> 1400 | L24: =$L$1046 -> 0 | M24: =I24*(1-L24) -> 0.56 | N24: =(TRUNC(M24*F24,2)) -> 1400
A25: 1.12 | B25: 01.050.0842-A | C25: EMOP | D25: PROJETO DE AS BUILT DE INSTALACAO DE INCENDIO E SPDA PARA PR EDIOS ESCOLARES E/OU ADMINISTRATIVOS ACIMA DE 3000M2,APRESEN TADO NOS PADROES DA CONTRATANTE | E25: m² | F25: 5503.41 | G25: 0.22 | H25: 0.2644 | I25: =(TRUNC(G25*H25,2)+G25) -> 0.27 | J25: =(TRUNC(I25*F25,2)) -> 1485.92 | L25: =$L$1046 -> 0 | M25: =I25*(1-L25) -> 0.27 | N25: =(TRUNC(M25*F25,2)) -> 1485.92
... A31: 1.18 | B31: 01.050.0977-A | C31: EMOP | D31: PROJETO DE AS BUILT DE SISTEMA DE AR CONDICIONADO,EM PREDIOS ACIMA DE 3000M2,APRESENTADO NOS PADROES DA CONTRATANTE | E31: m² | F31: 5503.41 | G31: 0.64 | H31: 0.2644 | I31: =(TRUNC(G31*H31,2)+G31) -> 0.8 | J31: =(TRUNC(I31*F31,2)) -> 4402.72 | L31: =$L$1046 -> 0 | M31: =I31*(1-L31) -> 0.8 | N31: =(TRUNC(M31*F31,2)) -> 4402.72
A32: 2 | D32: GERENCIAMENTO DE OBRAS / FISCALIZAÇÃO | K32: =J33 -> 1679884.6 | O32: =N33 -> 1679884.6 | P32: =O32 -> 1679884.6
A33: 2.1 | B33: UFF00066 | C33: Próprio | D33: ADMINISTRAÇÃO LOCAL | E33: UN | F33: 1 | G33: 1328602.2 | H33: 0.2644 | I33: =(TRUNC(G33*H33,2)+G33) -> 1679884.6 | J33: =(TRUNC(I33*F33,2)) -> 1679884.6 | L33: =$L$1046 -> 0 | M33: =I33*(1-L33) -> 1679884.6 | N33: =(TRUNC(M33*F33,2)) -> 1679884.6
A34: 3 | D34: SERVIÇOS PRELIMINARES | F34: 1 | K34: =J35+J38+J41+J79+J101+J108+J110 -> 374243.45 | P34: =O35+O38+O41++O79+O101+O108+O110 -> 374243.45
A35: 3.1 | D35: LICENÇAS / TAXAS | J35: =SUM(J36:J37) -> 1603.89 | O35: =SUM(N36:N37) -> 1603.89
A36: 3.1.1 | B36: 103689 | C36: SINAPI | D36: FORNECIMENTO E INSTALAÇÃO DE PLACA DE OBRA COM CHAPA GALVANIZADA E ESTRUTURA DE MADEIRA. AF_03/2022_PS | E36: m² | F36: 3.15 | G36: 319.36 | H36: 0.2644 | I36: =(TRUNC(G36*H36,2)+G36) -> 403.79 | J36: =(TRUNC(I36*F36,2)) -> 1271.93 | L36: =$L$1046 -> 0 | M36: =I36*(1-L36) -> 403.79 | N36: =(TRUNC(M36*F36,2)) -> 1271.93
A37: 3.1.2 | B37: UFF00093 (ADAPT_SETOP: CO-33205) | C37: Próprio | D37: EMISSÃO DE ANOTAÇÃO DE RESPONSABILIDADE TÉCNICA (ART) PARA OBRA | E37: UN | F37: 1 | G37: 262.55 | H37: 0.2644 | I37: =(TRUNC(G37*H37,2)+G37) -> 331.96 | J37: =(TRUNC(I37*F37,2)) -> 331.96 | L37: =$L$1046 -> 0 | M37: =I37*(1-L37) -> 331.96 | N37: =(TRUNC(M37*F37,2)) -> 331.96
A38: 3.2 | D38: MOBILIZAÇÃO E DESMOBILIZAÇÃO | J38: =SUM(J39:J40) -> 26784.93 | O38: =SUM(N39:N40) -> 26784.93
A39: 3.2.1 | B39: 012689 | C39: SBC | D39: MOBILIZACAO E DESMOBILIZACAO DE CANTEIRO | E39: UN | F39: 1 | G39: 5958.86 | H39: 0.2644 | I39: =(TRUNC(G39*H39,2)+G39) -> 7534.38 | J39: =(TRUNC(I39*F39,2)) -> 7534.38 | L39: =$L$1046 -> 0 | M39: =I39*(1-L39) -> 7534.38 | N39: =(TRUNC(M39*F39,2)) -> 7534.38
A40: 3.2.2 | B40: 98459 | C40: SINAPI | D40: TAPUME COM TELHA METÁLICA. AF_03/2024 | E40: m² | F40: 165 | G40: 92.28 | H40: 0.2644 | I40: =(TRUNC(G40*H40,2)+G40) -> 116.67 | J40: =(TRUNC(I40*F40,2)) -> 19250.55 | L40: =$L$1046 -> 0 | M40: =I40*(1-L40) -> 116.67 | N40: =(TRUNC(M40*F40,2)) -> 19250.55
A41: 3.3 | D41: CANTEIRO DE OBRAS (REFORMA DO EXISTENTE) | J41: =SUM(J42:J78) -> 115738.61 | O41: =SUM(N42:N78) -> 115738.61
A42: 3.3.1 | B42: 98679 | C42: SINAPI | D42: PISO CIMENTADO, TRAÇO 1:3 (CIMENTO E AREIA), ACABAMENTO LISO, ESPESSURA 2,0 CM, PREPARO MECÂNICO DA ARGAMASSA. AF_09/2020 | E42: m² | F42: 24 | G42: 37.05 | H42: 0.2644 | I42: =(TRUNC(G42*H42,2)+G42) -> 46.84 | J42: =(TRUNC(I42*F42,2)) -> 1124.16 | L42: =$L$1046 -> 0 | M42: =I42*(1-L42) -> 46.84 | N42: =(TRUNC(M42*F42,2)) -> 1124.16
A43: 3.3.2 | B43: 98445 | C43: SINAPI | D43: PAREDE DE MADEIRA COMPENSADA PARA CONSTRUÇÃO TEMPORÁRIA EM CHAPA SIMPLES, EXTERNA, COM ÁREA LÍQUIDA MAIOR OU IGUAL A 6 M², COM VÃO. AF_03/2024 | E43: m² | F43: 90 | G43: 122.85 | H43: 0.2644 | I43: =(TRUNC(G43*H43,2)+G43) -> 155.33 | J43: =(TRUNC(I43*F43,2)) -> 13979.7 | L43: =$L$1046 -> 0 | M43: =I43*(1-L43) -> 155.33 | N43: =(TRUNC(M43*F43,2)) -> 13979.7
A44: 3.3.3 | B44: 90820 | C44: SINAPI | D44: PORTA DE MADEIRA PARA PINTURA, SEMI-OCA (LEVE OU MÉDIA), 60X210CM, ESPESSURA DE 3,5CM, INCLUSO DOBRADIÇAS - FORNECIMENTO E INSTALAÇÃO. AF_12/2019 | E44: UN | F44: 4 | G44: 365.43 | H44: 0.2644 | I44: =(TRUNC(G44*H44,2)+G44) -> 462.04 | J44: =(TRUNC(I44*F44,2)) -> 1848.16 | L44: =$L$1046 -> 0 | M44: =I44*(1-L44) -> 462.04 | N44: =(TRUNC(M44*F44,2)) -> 1848.16
A45: 3.3.4 | B45: 90822 | C45: SINAPI | D45: PORTA DE MADEIRA PARA PINTURA, SEMI-OCA (LEVE OU MÉDIA), 80X210CM, ESPESSURA DE 3,5CM, INCLUSO DOBRADIÇAS - FORNECIMENTO E INSTALAÇÃO. AF_12/2019 | E45: UN | F45: 6 | G45: 401.76 | H45: 0.2644 | I45: =(TRUNC(G45*H45,2)+G45) -> 507.98 | J45: =(TRUNC(I45*F45,2)) -> 3047.88 | L45: =$L$1046 -> 0 | M45: =I45*(1-L45) -> 507.98 | N45: =(TRUNC(M45*F45,2)) -> 3047.88
A46: 3.3.5 | B46: 91304 | C46: SINAPI | D46: FECHADURA DE EMBUTIR COM CILINDRO, EXTERNA, COMPLETA, ACABAMENTO PADRÃO POPULAR, INCLUSO EXECUÇÃO DE FURO - FORNECIMENTO E INSTALAÇÃO. AF_12/2019 | E46: UN | F46: 6 | G46: 128.08 | H46: 0.2644 | I46: =(TRUNC(G46*H46,2)+G46) -> 161.94 | J46: =(TRUNC(I46*F46,2)) -> 971.64 | L46: =$L$1046 -> 0 | M46: =I46*(1-L46) -> 161.94 | N46: =(TRUNC(M46*F46,2)) -> 971.64
A47: 3.3.6 | B47: 91305 | C47: SINAPI | D47: FECHADURA DE EMBUTIR PARA PORTA DE BANHEIRO, COMPLETA, ACABAMENTO PADRÃO POPULAR, INCLUSO EXECUÇÃO DE FURO - FORNECIMENTO E INSTALAÇÃO. AF_12/2019 | E47: UN | F47: 4 | G47: 126.34 | H47: 0.2644 | I47: =(TRUNC(G47*H47,2)+G47) -> 159.74 | J47: =(TRUNC(I47*F47,2)) -> 638.96 | L47: =$L$1046 -> 0 | M47: =I47*(1-L47) -> 159.74 | N47: =(TRUNC(M47*F47,2)) -> 638.96
A48: 3.3.7 | B48: 100666 | C48: SINAPI | D48: JANELA DE MADEIRA (PINUS/EUCALIPTO OU EQUIV.) DE ABRIR COM 4 FOLHAS (2 VENEZIANAS E 2 GUILHOTINAS PARA VIDRO), COM BATENTE, ALIZAR E FERRAGENS. EXCLUSIVE VIDROS, ACABAMENTO E CONTRAMARCO. FORNECIMENTO E INSTALAÇÃO. AF_12/2019 | E48: m² | F48: 4 | G48: 973 | H48: 0.2644 | I48: =(TRUNC(G48*H48,2)+G48) -> 1230.26 | J48: =(TRUNC(I48*F48,2)) -> 4921.04 | L48: =$L$1046 -> 0 | M48: =I48*(1-L48) -> 1230.26 | N48: =(TRUNC(M48*F48,2)) -> 4921.04
A49: 3.3.8 | B49: 100668 | C49: SINAPI | D49: JANELA DE MADEIRA (CEDRINHO/ANGELIM OU EQUIV.) TIPO MAXIM-AR, PARA VIDRO, COM BATENTE, ALIZAR E FERRAGENS. EXCLUSIVE VIDRO, ACABAMENTO E CONTRAMARCO. FORNECIMENTO E INSTALAÇÃO. AF_12/2019 | E49: m² | F49: 2.16 | G49: 1919.68 | H49: 0.2644 | I49: =(TRUNC(G49*H49,2)+G49) -> 2427.24 | J49: =(TRUNC(I49*F49,2)) -> 5242.83 | L49: =$L$1046 -> 0 | M49: =I49*(1-L49) -> 2427.24 | N49: =(TRUNC(M49*F49,2)) -> 5242.83
A50: 3.3.9 | B50: 102152 | C50: SINAPI | D50: INSTALAÇÃO DE VIDRO LISO, E = 4 MM, EM ESQUADRIA DE MADEIRA, FIXADO COM BAGUETE. AF_01/2021 | E50: m² | F50: 6.16 | G50: 186.14 | H50: 0.2644 | I50: =(TRUNC(G50*H50,2)+G50) -> 235.35 | J50: =(TRUNC(I50*F50,2)) -> 1449.75 | L50: =$L$1046 -> 0 | M50: =I50*(1-L50) -> 235.35 | N50: =(TRUNC(M50*F50,2)) -> 1449.75
A51: 3.3.10 | B51: 103328 | C51: SINAPI | D51: ALVENARIA DE VEDAÇÃO DE BLOCOS CERÂMICOS FURADOS NA HORIZONTAL DE 9X19X19 CM (ESPESSURA 9 CM) E ARGAMASSA DE ASSENTAMENTO COM PREPARO EM BETONEIRA. AF_12/2021 | E51: m² | F51: 10 | G51: 102.45 | H51: 0.2644 | I51: =(TRUNC(G51*H51,2)+G51) -> 129.53 | J51: =(TRUNC(I51*F51,2)) -> 1295.3 | L51: =$L$1046 -> 0 | M51: =I51*(1-L51) -> 129.53 | N51: =(TRUNC(M51*F51,2)) -> 1295.3
A52: 3.3.11 | B52: 87548 | C52: SINAPI | D52: MASSA ÚNICA, EM ARGAMASSA TRAÇO 1:2:8, PREPARO MANUAL, APLICADA MANUALMENTE EM PAREDES INTERNAS DE AMBIENTES COM ÁREA ENTRE 5M² E 10M², E = 10MM, COM TALISCAS. AF_03/2024 | E52: m² | F52: 20 | G52: 31.73 | H52: 0.2644 | I52: =(TRUNC(G52*H52,2)+G52) -> 40.11 | J52: =(TRUNC(I52*F52,2)) -> 802.2 | L52: =$L$1046 -> 0 | M52: =I52*(1-L52) -> 40.11 | N52: =(TRUNC(M52*F52,2)) -> 802.2
A53: 3.3.12 | B53: 87878 | C53: SINAPI | D53: CHAPISCO APLICADO EM ALVENARIAS E ESTRUTURAS DE CONCRETO INTERNAS, COM COLHER DE PEDREIRO. ARGAMASSA TRAÇO 1:3 COM PREPARO MANUAL. AF_10/2022 | E53: m² | F53: 20 | G53: 5.23 | H53: 0.2644 | I53: =(TRUNC(G53*H53,2)+G53) -> 6.61 | J53: =(TRUNC(I53*F53,2)) -> 132.2 | L53: =$L$1046 -> 0 | M53: =I53*(1-L53) -> 6.61 | N53: =(TRUNC(M53*F53,2)) -> 132.2
... A78: 3.3.37 | B78: UFF00468 (ADAPT_SINAPI: 93583) | C78: Próprio | D78: EXECUÇÃO DE CENTRAL DE FÔRMAS, PRODUÇÃO DE ARGAMASSA OU CONCRETO EM CANTEIRO DE OBRA, NÃO INCLUSO MOBILIÁRIO E EQUIPAMENTOS. | E78: m² | F78: 20 | G78: 480.64 | H78: 0.2644 | I78: =(TRUNC(G78*H78,2)+G78) -> 607.72 | J78: =(TRUNC(I78*F78,2)) -> 12154.4 | L78: =$L$1046 -> 0 | M78: =I78*(1-L78) -> 607.72 | N78: =(TRUNC(M78*F78,2)) -> 12154.4
A79: 3.4 | D79: DEMOLIÇÕES / REMOÇÕES | J79: =SUM(J80:J100) -> 49618.64 | O79: =SUM(N80:N100) -> 49618.64
A80: 3.4.1 | B80: 97637 | C80: SINAPI | D80: REMOÇÃO DE TAPUME/ CHAPAS METÁLICAS E DE MADEIRA, DE FORMA MANUAL, SEM REAPROVEITAMENTO. AF_09/2023 | E80: m² | F80: 550 | G80: 3.64 | H80: 0.2644 | I80: =(TRUNC(G80*H80,2)+G80) -> 4.6 | J80: =(TRUNC(I80*F80,2)) -> 2530 | L80: =$L$1046 -> 0 | M80: =I80*(1-L80) -> 4.6 | N80: =(TRUNC(M80*F80,2)) -> 2530
A81: 3.4.2 | B81: 104797 | C81: SINAPI | D81: REMOÇAO DE GUIAS PRÉ-FABRICADAS DE CONCRETO, DE FORMA MECANIZADA, COM REAPROVEITAMENTO. AF_09/2023 | E81: M | F81: 30 | G81: 21.09 | H81: 0.2644 | I81: =(TRUNC(G81*H81,2)+G81) -> 26.66 | J81: =(TRUNC(I81*F81,2)) -> 799.8 | L81: =$L$1046 -> 0 | M81: =I81*(1-L81) -> 26.66 | N81: =(TRUNC(M81*F81,2)) -> 799.8
A82: 3.4.3 | B82: 97622 | C82: SINAPI | D82: DEMOLIÇÃO DE ALVENARIA DE BLOCO FURADO, DE FORMA MANUAL, SEM REAPROVEITAMENTO. AF_09/2023 | E82: m³ | F82: 45 | G82: 68.78 | H82: 0.2644 | I82: =(TRUNC(G82*H82,2)+G82) -> 86.96 | J82: =(TRUNC(I82*F82,2)) -> 3913.2 | L82: =$L$1046 -> 0 | M82: =I82*(1-L82) -> 86.96 | N82: =(TRUNC(M82*F82,2)) -> 3913.2
A83: 3.4.4 | B83: UFF00118 (ADAPT_SINAPI: 97633) | C83: Próprio | D83: RETIRADA DE PLACAS CERÂMICAS DA FACHADA, DE FORMA MANUAL. | E83: m² | F83: 348.62 | G83: 28.16 | H83: 0.2644 | I83: =(TRUNC(G83*H83,2)+G83) -> 35.6 | J83: =(TRUNC(I83*F83,2)) -> 12410.87 | L83: =$L$1046 -> 0 | M83: =I83*(1-L83) -> 35.6 | N83: =(TRUNC(M83*F83,2)) -> 12410.87
A84: 3.4.5 | B84: UFF00104 (ADAPT_ORSE:36) | C84: Próprio | D84: REMOÇÃO DE BRISES | E84: m² | F84: 99.42 | G84: 5.19 | H84: 0.2644 | I84: =(TRUNC(G84*H84,2)+G84) -> 6.56 | J84: =(TRUNC(I84*F84,2)) -> 652.19 | L84: =$L$1046 -> 0 | M84: =I84*(1-L84) -> 6.56 | N84: =(TRUNC(M84*F84,2)) -> 652.19
A85: 3.4.6 | B85: 97640 | C85: SINAPI | D85: REMOÇÃO DE FORROS DE DRYWALL, PVC E FIBROMINERAL, DE FORMA MANUAL, SEM REAPROVEITAMENTO. AF_09/2023 | E85: m² | F85: 98.56 | G85: 2.46 | H85: 0.2644 | I85: =(TRUNC(G85*H85,2)+G85) -> 3.11 | J85: =(TRUNC(I85*F85,2)) -> 306.52 | L85: =$L$1046 -> 0 | M85: =I85*(1-L85) -> 3.11 | N85: =(TRUNC(M85*F85,2)) -> 306.52
A86: 3.4.7 | B86: 97642 | C86: SINAPI | D86: REMOÇÃO DE TRAMA METÁLICA OU DE MADEIRA PARA FORRO, DE FORMA MANUAL, SEM REAPROVEITAMENTO. AF_09/2023 | E86: m² | F86: 561.95 | G86: 3.54 | H86: 0.2644 | I86: =(TRUNC(G86*H86,2)+G86) -> 4.47 | J86: =(TRUNC(I86*F86,2)) -> 2511.91 | L86: =$L$1046 -> 0 | M86: =I86*(1-L86) -> 4.47 | N86: =(TRUNC(M86*F86,2)) -> 2511.91
A87: 3.4.8 | B87: 97644 | C87: SINAPI | D87: REMOÇÃO DE PORTAS, DE FORMA MANUAL, SEM REAPROVEITAMENTO. AF_09/2023 | E87: m² | F87: 287.82 | G87: 11.59 | H87: 0.2644 | I87: =(TRUNC(G87*H87,2)+G87) -> 14.65 | J87: =(TRUNC(I87*F87,2)) -> 4216.56 | L87: =$L$1046 -> 0 | M87: =I87*(1-L87) -> 14.65 | N87: =(TRUNC(M87*F87,2)) -> 4216.56
A88: 3.4.9 | B88: 97645 | C88: SINAPI | D88: REMOÇÃO DE JANELAS, DE FORMA MANUAL, SEM REAPROVEITAMENTO. AF_09/2023 | E88: m² | F88: 48.46 | G88: 29.95 | H88: 0.2644 | I88: =(TRUNC(G88*H88,2)+G88) -> 37.86 | J88: =(TRUNC(I88*F88,2)) -> 1834.69 | L88: =$L$1046 -> 0 | M88: =I88*(1-L88) -> 37.86 | N88: =(TRUNC(M88*F88,2)) -> 1834.69
A89: 3.4.10 | B89: 102191 | C89: SINAPI | D89: REMOÇÃO DE VIDRO LISO COMUM DE ESQUADRIA COM BAGUETE DE ALUMÍNIO OU PVC. AF_01/2021 | E89: m² | F89: 6.16 | G89: 26.86 | H89: 0.2644 | I89: =(TRUNC(G89*H89,2)+G89) -> 33.96 | J89: =(TRUNC(I89*F89,2)) -> 209.19 | L89: =$L$1046 -> 0 | M89: =I89*(1-L89) -> 33.96 | N89: =(TRUNC(M89*F89,2)) -> 209.19
A90: 3.4.11 | B90: 102192 | C90: SINAPI | D90: REMOÇÃO DE VIDRO TEMPERADO FIXADO EM PERFIL U. AF_01/2021 | E90: m² | F90: 42.3 | G90: 19.17 | H90: 0.2644 | I90: =(TRUNC(G90*H90,2)+G90) -> 24.23 | J90: =(TRUNC(I90*F90,2)) -> 1024.92 | L90: =$L$1046 -> 0 | M90: =I90*(1-L90) -> 24.23 | N90: =(TRUNC(M90*F90,2)) -> 1024.92
A91: 3.4.12 | B91: 97647 | C91: SINAPI | D91: REMOÇÃO DE TELHAS DE FIBROCIMENTO METÁLICA E CERÂMICA, DE FORMA MANUAL, SEM REAPROVEITAMENTO. AF_09/2023 | E91: m² | F91: 400 | G91: 4.33 | H91: 0.2644 | I91: =(TRUNC(G91*H91,2)+G91) -> 5.47 | J91: =(TRUNC(I91*F91,2)) -> 2188 | L91: =$L$1046 -> 0 | M91: =I91*(1-L91) -> 5.47 | N91: =(TRUNC(M91*F91,2)) -> 2188
... A100: 3.4.21 | B100: UFF00495 (ADAPT_ORSE: 11101) | C100: Próprio | D100: RETIRADA DE CAIXA DE HIDRANTE DE PAREDE. | E100: un | F100: 24 | G100: 59.33 | H100: 0.2644 | I100: =(TRUNC(G100*H100,2)+G100) -> 75.01 | J100: =(TRUNC(I100*F100,2)) -> 1800.24 | L100: =$L$1046 -> 0 | M100: =I100*(1-L100) -> 75.01 | N100: =(TRUNC(M100*F100,2)) -> 1800.24
A101: 3.5 | D101: ANDAIMES | J101: =SUM(J102:J107) -> 77484.84 | O101: =SUM(N102:N107) -> 77484.84
A102: 3.5.1 | B102: 05.006.0001-1 | C102: EMOP | D102: LOCACAO DE ANDAIME COM ELEMENTOS TUBULARES SOBRE SAPATAS FIX AS,CONSIDERANDO-SE A AREA DA PROJECAO VERTICAL DO ANDAIME E PAGO PELO TEMPO NECESSARIO A SUA UTILIZACAO,EXCLUSIVE TRANSP ORTE DOS ELEMENTOS DO ANDAIME ATE A OBRA,PLATAFORMA OU PASSA RELA DE PINHO,MONTAGEM E DESMONTAGEM DOS ANDAIMES | E102: M2XMES | F102: 1344 | G102: 34.34 | H102: 0.2644 | I102: =(TRUNC(G102*H102,2)+G102) -> 43.41 | J102: =(TRUNC(I102*F102,2)) -> 58343.04 | L102: =$L$1046 -> 0 | M102: =I102*(1-L102) -> 43.41 | N102: =(TRUNC(M102*F102,2)) -> 58343.04
A103: 3.5.2 | B103: 04.021.0010-A | C103: EMOP | D103: CARGA E DESCARGA MANUAL DE ANDAIME TUBULAR,INCLUSIVE TEMPO D E ESPERA DO CAMINHAO,CONSIDERANDO-SE A AREA DE PROJECAO VERT ICAL | E103: m² | F103: 336 | G103: 0.94 | H103: 0.2644 | I103: =(TRUNC(G103*H103,2)+G103) -> 1.18 | J103: =(TRUNC(I103*F103,2)) -> 396.48 | L103: =$L$1046 -> 0 | M103: =I103*(1-L103) -> 1.18 | N103: =(TRUNC(M103*F103,2)) -> 396.48
A104: 3.5.3 | B104: 04.020.0122-A | C104: EMOP | D104: TRANSPORTE DE ANDAIME TUBULAR,CONSIDERANDO-SE A AREA DE PROJ ECAO VERTICAL DO ANDAIME,EXCLUSIVE CARGA,DESCARGA E TEMPO DE ESPERA DO CAMINHAO(VIDE ITEM 04.021.0010) | E104: M2XKM | F104: 10080 | G104: 0.2 | H104: 0.2644 | I104: =(TRUNC(G104*H104,2)+G104) -> 0.25 | J104: =(TRUNC(I104*F104,2)) -> 2520 | L104: =$L$1046 -> 0 | M104: =I104*(1-L104) -> 0.25 | N104: =(TRUNC(M104*F104,2)) -> 2520
A105: 3.5.4 | B105: 05.008.0001-A | C105: EMOP | D105: MONTAGEM E DESMONTAGEM DE ANDAIME COM ELEMENTOS TUBULARES,CO NSIDERANDO-SE A AREA VERTICAL RECOBERTA | E105: m² | F105: 672 | G105: 7.21 | H105: 0.2644 | I105: =(TRUNC(G105*H105,2)+G105) -> 9.11 | J105: =(TRUNC(I105*F105,2)) -> 6121.92 | L105: =$L$1046 -> 0 | M105: =I105*(1-L105) -> 9.11 | N105: =(TRUNC(M105*F105,2)) -> 6121.92
A106: 3.5.5 | B106: 05.007.0007-A | C106: EMOP | D106: LOCACAO DE PASSARELA METALICA,PERFURADA,PARA ANDAIME METALIC O TUBULAR,INCLUSIVE TRANSPORTE,CARGA E DESCARGA,EXCLUSIVE AN DAIME TUBULAR E MOVIMENTACAO (VIDE ITEM 05.008.0008) | E106: M2XMES | F106: 90 | G106: 88.2 | H106: 0.2644 | I106: =(TRUNC(G106*H106,2)+G106) -> 111.52 | J106: =(TRUNC(I106*F106,2)) -> 10036.8 | L106: =$L$1046 -> 0 | M106: =I106*(1-L106) -> 111.52 | N106: =(TRUNC(M106*F106,2)) -> 10036.8
A107: 3.5.6 | B107: 05.008.0008-B | C107: EMOP | D107: MOVIMENTACAO VERTICAL OU HORIZONTAL DE PLATAFORMA OU PASSARE LA | E107: m² | F107: 90 | G107: 0.59 | H107: 0.2644 | I107: =(TRUNC(G107*H107,2)+G107) -> 0.74 | J107: =(TRUNC(I107*F107,2)) -> 66.6 | L107: =$L$1046 -> 0 | M107: =I107*(1-L107) -> 0.74 | N107: =(TRUNC(M107*F107,2)) -> 66.6
A108: 3.6 | D108: DESMOBILIZAÇÃO DE EQUIPAMENTOS | J108: =J109 -> 97757.44 | O108: =N109 -> 97757.44
A109: 3.6.1 | B109: UFF00489 (ADAPT_EMOP: 18.030.0206-A) | C109: Próprio | D109: DESMONTAGEM, TRANSPORTE E ELEVACAO VERTICAL DE EQUIPAMENTOS ATÉ 300TR-MEIO MECANICO | E109: UN | F109: =VLOOKUP(A109,'[9]Memória de Cálculo'!C:L,6,FALSE) -> 16 | G109: =VLOOKUP(B109,[9]CPUs!D:L,9,FALSE) -> 4832.21 | H109: 0.2644 | I109: =(TRUNC(G109*H109,2)+G109) -> 6109.84 | J109: =(TRUNC(I109*F109,2)) -> 97757.44 | L109: =$L$1046 -> 0 | M109: =I109*(1-L109) -> 6109.84 | N109: =(TRUNC(M109*F109,2)) -> 97757.44
A110: 3.7 | D110: DEMOLIÇÕES / LIMPEZA TERRENO | J110: =J111 -> 5255.1 | O110: =O111 -> 5255.1
A111: 3.7.1 | D111: ÁREA DAS ESCADAS | J111: =SUM(J112:J113) -> 5255.1 | O111: =SUM(N112:N113) -> 5255.1
A112: 3.7.1.1 | B112: 98524 | C112: SINAPI | D112: LIMPEZA MANUAL DE VEGETAÇÃO EM TERRENO COM ENXADA. AF_03/2024 | E112: m² | F112: 678.46 | G112: 5.53 | H112: 0.2644 | I112: =(TRUNC(G112*H112,2)+G112) -> 6.99 | J112: =(TRUNC(I112*F112,2)) -> 4742.43 | L112: =$L$1046 -> 0 | M112: =I112*(1-L112) -> 6.99 | N112: =(TRUNC(M112*F112,2)) -> 4742.43
A113: 3.7.1.2 | B113: 022104 | C113: SBC | D113: DEMOLICAO MECANICA DE CONCRETO SIMPLES ACIMA DE 2,0M3 | E113: m³ | F113: 0.5925 | G113: 684.34 | H113: 0.2644 | I113: =(TRUNC(G113*H113,2)+G113) -> 865.27 | J113: =(TRUNC(I113*F113,2)) -> 512.67 | L113: =$L$1046 -> 0 | M113: =I113*(1-L113) -> 865.27 | N113: =(TRUNC(M113*F113,2)) -> 512.67
A114: 4 | D114: MOVIMENTO DE TERRA | K114: =SUM(J115+J118) -> 28406.23 | P114: =O115+O118 -> 28406.23
A115: 4.1 | D115: ESCADAS | J115: =SUM(J116:J117) -> 8656.33 | O115: =SUM(N116:N117) -> 8656.33
A116: 4.1.1 | B116: 93358 | C116: SINAPI | D116: ESCAVAÇÃO MANUAL DE VALA COM PROFUNDIDADE MENOR OU IGUAL A 1,30 M. AF_02/2021 | E116: m³ | F116: 50.1716 | G116: 102.65 | H116: 0.2644 | I116: =(TRUNC(G116*H116,2)+G116) -> 129.79 | J116: =(TRUNC(I116*F116,2)) -> 6511.77 | L116: =$L$1046 -> 0 | M116: =I116*(1-L116) -> 129.79 | N116: =(TRUNC(M116*F116,2)) -> 6511.77
A117: 4.1.2 | B117: 93382 | C117: SINAPI | D117: REATERRO MANUAL DE VALAS, COM COMPACTADOR DE SOLOS DE PERCUSSÃO. AF_08/2023 | E117: m³ | F117: 55.187 | G117: 30.74 | H117: 0.2644 | I117: =(TRUNC(G117*H117,2)+G117) -> 38.86 | J117: =(TRUNC(I117*F117,2)) -> 2144.56 | L117: =$L$1046 -> 0 | M117: =I117*(1-L117) -> 38.86 | N117: =(TRUNC(M117*F117,2)) -> 2144.56
A118: 4.2 | D118: SUBESTAÇÃO | J118: =SUM(J119:J123) -> 19749.9 | O118: =SUM(N119:N123) -> 19749.9
A119: 4.2.1 | B119: 93358 | C119: SINAPI | D119: ESCAVAÇÃO MANUAL DE VALA COM PROFUNDIDADE MENOR OU IGUAL A 1,30 M. AF_02/2021 | E119: m³ | F119: 88.2 | G119: 102.65 | H119: 0.2644 | I119: =(TRUNC(G119*H119,2)+G119) -> 129.79 | J119: =(TRUNC(I119*F119,2)) -> 11447.47 | L119: =$L$1046 -> 0 | M119: =I119*(1-L119) -> 129.79 | N119: =(TRUNC(M119*F119,2)) -> 11447.47
A120: 4.2.2 | B120: 93382 | C120: SINAPI | D120: REATERRO MANUAL DE VALAS, COM COMPACTADOR DE SOLOS DE PERCUSSÃO. AF_08/2023 | E120: m³ | F120: 75 | G120: 30.74 | H120: 0.2644 | I120: =(TRUNC(G120*H120,2)+G120) -> 38.86 | J120: =(TRUNC(I120*F120,2)) -> 2914.5 | L120: =$L$1046 -> 0 | M120: =I120*(1-L120) -> 38.86 | N120: =(TRUNC(M120*F120,2)) -> 2914.5
A121: 4.3 | D121: ABRIGO DE GÁS | H121: 0.2644 | I121: =(TRUNC(G121*H121,2)+G121) -> 0 | J121: =(TRUNC(I121*F121,2)) -> 0 | L121: =$L$1046 -> 0 | M121: =I121*(1-L121) -> 0 | N121: =(TRUNC(M121*F121,2)) -> 0
A122: 4.3.1 | B122: 93358 | C122: SINAPI | D122: ESCAVAÇÃO MANUAL DE VALA COM PROFUNDIDADE MENOR OU IGUAL A 1,30 M. AF_02/2021 | E122: m³ | F122: 32.8 | G122: 102.65 | H122: 0.2644 | I122: =(TRUNC(G122*H122,2)+G122) -> 129.79 | J122: =(TRUNC(I122*F122,2)) -> 4257.11 | L122: =$L$1046 -> 0 | M122: =I122*(1-L122) -> 129.79 | N122: =(TRUNC(M122*F122,2)) -> 4257.11
A123: 4.3.2 | B123: 93382 | C123: SINAPI | D123: REATERRO MANUAL DE VALAS, COM COMPACTADOR DE SOLOS DE PERCUSSÃO. AF_08/2023 | E123: m³ | F123: 29.1 | G123: 30.74 | H123: 0.2644 | I123: =(TRUNC(G123*H123,2)+G123) -> 38.86 | J123: =(TRUNC(I123*F123,2)) -> 1130.82 | L123: =$L$1046 -> 0 | M123: =I123*(1-L123) -> 38.86 | N123: =(TRUNC(M123*F123,2)) -> 1130.82
A124: 5 | D124: INFRAESTRUTURA: FUNDAÇÕES SIMPLES (OU DIRETAS) | K124: =J125+J137+J156 -> 375294.77 | P124: =O125+O137+O156 -> 375294.77
A125: 5.1 | D125: ESCADAS | J125: =SUM(J126:J136) -> 264342.06 | O125: =SUM(N126:N136) -> 264342.06
A126: 5.1.1 | B126: 96544 | C126: SINAPI | D126: ARMAÇÃO DE BLOCO UTILIZANDO AÇO CA-50 DE 6,3 MM - MONTAGEM. AF_01/2024 | E126: KG | F126: 77 | G126: 18.93 | H126: 0.2644 | I126: =(TRUNC(G126*H126,2)+G126) -> 23.93 | J126: =(TRUNC(I126*F126,2)) -> 1842.61 | L126: =$L$1046 -> 0 | M126: =I126*(1-L126) -> 23.93 | N126: =(TRUNC(M126*F126,2)) -> 1842.61
A127: 5.1.2 | B127: 96545 | C127: SINAPI | D127: ARMAÇÃO DE BLOCO UTILIZANDO AÇO CA-50 DE 8 MM - MONTAGEM. AF_01/2024 | E127: KG | F127: 46.2 | G127: 16.74 | H127: 0.2644 | I127: =(TRUNC(G127*H127,2)+G127) -> 21.16 | J127: =(TRUNC(I127*F127,2)) -> 977.59 | L127: =$L$1046 -> 0 | M127: =I127*(1-L127) -> 21.16 | N127: =(TRUNC(M127*F127,2)) -> 977.59
A128: 5.1.3 | B128: 96546 | C128: SINAPI | D128: ARMAÇÃO DE BLOCO UTILIZANDO AÇO CA-50 DE 10 MM - MONTAGEM. AF_01/2024 | E128: KG | F128: 19.8 | G128: 14.46 | H128: 0.2644 | I128: =(TRUNC(G128*H128,2)+G128) -> 18.28 | J128: =(TRUNC(I128*F128,2)) -> 361.94 | L128: =$L$1046 -> 0 | M128: =I128*(1-L128) -> 18.28 | N128: =(TRUNC(M128*F128,2)) -> 361.94
A129: 5.1.4 | B129: 104920 | C129: SINAPI | D129: ARMAÇÃO DE BLOCO, SAPATA ISOLADA, VIGA BALDRAME E SAPATA CORRIDA UTILIZANDO AÇO CA-50 DE 12,5 MM - MONTAGEM. AF_01/2024 | E129: KG | F129: 891 | G129: 10.95 | H129: 0.2644 | I129: =(TRUNC(G129*H129,2)+G129) -> 13.84 | J129: =(TRUNC(I129*F129,2)) -> 12331.44 | L129: =$L$1046 -> 0 | M129: =I129*(1-L129) -> 13.84 | N129: =(TRUNC(M129*F129,2)) -> 12331.44
A130: 5.1.5 | B130: 104921 | C130: SINAPI | D130: ARMAÇÃO DE BLOCO, SAPATA ISOLADA, VIGA BALDRAME E SAPATA CORRIDA UTILIZANDO AÇO CA-50 DE 16 MM - MONTAGEM. AF_01/2024 | E130: KG | F130: 195.8 | G130: 10.2 | H130: 0.2644 | I130: =(TRUNC(G130*H130,2)+G130) -> 12.89 | J130: =(TRUNC(I130*F130,2)) -> 2523.86 | L130: =$L$1046 -> 0 | M130: =I130*(1-L130) -> 12.89 | N130: =(TRUNC(M130*F130,2)) -> 2523.86
A131: 5.1.6 | B131: 96540 | C131: SINAPI | D131: FABRICAÇÃO, MONTAGEM E DESMONTAGEM DE FÔRMA PARA BLOCO DE COROAMENTO, EM CHAPA DE MADEIRA COMPENSADA RESINADA, E=17 MM, 4 UTILIZAÇÕES. AF_01/2024 | E131: m² | F131: 37.84 | G131: 145.95 | H131: 0.2644 | I131: =(TRUNC(G131*H131,2)+G131) -> 184.53 | J131: =(TRUNC(I131*F131,2)) -> 6982.61 | L131: =$L$1046 -> 0 | M131: =I131*(1-L131) -> 184.53 | N131: =(TRUNC(M131*F131,2)) -> 6982.61
A132: 5.1.7 | B132: 96555 | C132: SINAPI | D132: CONCRETAGEM DE BLOCO DE COROAMENTO OU VIGA BALDRAME, FCK 30 MPA, COM USO DE JERICA - LANÇAMENTO, ADENSAMENTO E ACABAMENTO. AF_01/2024 | E132: m³ | F132: 26.985 | G132: 685.14 | H132: 0.2644 | I132: =(TRUNC(G132*H132,2)+G132) -> 866.29 | J132: =(TRUNC(I132*F132,2)) -> 23376.83 | L132: =$L$1046 -> 0 | M132: =I132*(1-L132) -> 866.29 | N132: =(TRUNC(M132*F132,2)) -> 23376.83
A133: 5.1.8 | B133: 96616 | C133: SINAPI | D133: LASTRO DE CONCRETO MAGRO, APLICADO EM BLOCOS DE COROAMENTO OU SAPATAS. AF_01/2024 | E133: m³ | F133: 1.057 | G133: 787.42 | H133: 0.2644 | I133: =(TRUNC(G133*H133,2)+G133) -> 995.61 | J133: =(TRUNC(I133*F133,2)) -> 1052.35 | L133: =$L$1046 -> 0 | M133: =I133*(1-L133) -> 995.61 | N133: =(TRUNC(M133*F133,2)) -> 1052.35
A134: 5.1.9 | B134: 031009 | C134: SBC | D134: MOBILIZACAO/RETIRADA DE EQUIPAMENTO/MOLDAGEM ESTACAS""IN LOCO"" | E134: UN | F134: 1 | G134: 11005.03 | H134: 0.2644 | I134: =(TRUNC(G134*H134,2)+G134) -> 13914.75 | J134: =(TRUNC(I134*F134,2)) -> 13914.75 | L134: =$L$1046 -> 0 | M134: =I134*(1-L134) -> 13914.75 | N134: =(TRUNC(M134*F134,2)) -> 13914.75
A135: 5.1.10 | B135: 01.002.0044-A | C135: EMOP | D135: PERFURACAO ROTATIVA COM COROA DE WIDIA,EM SOLO,DIAMETRO 12", VERTICAL,INCLUSIVE DESLOCAMENTO DENTRO DO CANTEIRO E INSTALA CAO DA SONDA EM CADA FURO | E135: M | F135: 272 | G135: 311.19 | H135: 0.2644 | I135: =(TRUNC(G135*H135,2)+G135) -> 393.46 | J135: =(TRUNC(I135*F135,2)) -> 107021.12 | L135: =$L$1046 -> 0 | M135: =I135*(1-L135) -> 393.46 | N135: =(TRUNC(M135*F135,2)) -> 107021.12
A136: 5.1.11 | B136: 10.003.0050-A | C136: EMOP | D136: ESTACA RAIZ COM DIAMETRO DE 12" PARA CARGA DE 110T,INJECAO D E ARGAMASSA DE CIMENTO E AREIA,COM RESISTENCIA DE 20MPA,CONF ORME ABNT NBR 6122,INCLUSIVE FORNECIMENTO DOS MATERIAIS (CIM ENTO,AREIA E ACO),EXCLUSIVE PERFURACAO | E136: M | F136: 272 | G136: 273.2 | H136: 0.2644 | I136: =(TRUNC(G136*H136,2)+G136) -> 345.43 | J136: =(TRUNC(I136*F136,2)) -> 93956.96 | L136: =$L$1046 -> 0 | M136: =I136*(1-L136) -> 345.43 | N136: =(TRUNC(M136*F136,2)) -> 93956.96
A137: 5.2 | D137: SUBESTAÇÃO | J137: =SUM(J138:J155) -> 85322.93 | O137: =SUM(N138:N155) -> 85322.93
...

Sheet Cronograma
A1: (razão social da empresa licitante)
A2: (n.º do CNPJ)
A3: ANEXO II-C DO EDITAL DE LICITAÇÃO POR CONCORRÊNCIA ELETRÔNICA N.º 90.002/2024
A4: MODELO DE PLANILHA DE ORÇAMENTO PARA EXECUÇÃO DE OBRA POR EMPREITADA POR PREÇO UNITÁRIO
A5: =Orçamento!A5 -> OBRA: Contratação de Obra de Engenharia para execução de remanescente do Prédio do Instituto de Química
A6: =Orçamento!A6 -> LOCAL: Rua Passos da Pátria nº 156, Bairro São Domingos, Niterói - RJ
A8: CRONOGRAMA FÍSICO-FINANCEIRO
A9: Item | B9: Descrição | C9: Total Por Etapa | D9: 30 DIAS | E9: 60 DIAS | F9: 90 DIAS | G9: 120 DIAS | H9: 150 DIAS | I9: 180 DIAS | J9: 210 DIAS | K9: 240 DIAS | L9: 270 DIAS | M9: 300 DIAS | N9: 330 DIAS | O9: 360 DIAS
A10: 1 | B10: PROJETOS | C10: =Resumo!F10 -> 116075.52 | O10: 1
D11: =ROUNDDOWN($C10*D10,4) -> 0 | E11: =ROUNDDOWN($C10*E10,4) -> 0 | F11: =ROUNDDOWN($C10*F10,4) -> 0 | G11: =ROUNDDOWN($C10*G10,4) -> 0 | H11: =ROUNDDOWN($C10*H10,4) -> 0 | I11: =ROUNDDOWN($C10*I10,4) -> 0 | J11: =ROUNDDOWN($C10*J10,4) -> 0 | K11: =ROUNDDOWN($C10*K10,4) -> 0 | ... O11: =ROUNDDOWN($C10*O10,4) -> 116075.52
A12: 2 | B12: GERENCIAMENTO DE OBRAS / FISCALIZAÇÃO | C12: =Resumo!F11 -> 1679884.6 | D12: =SUM(D11,D15,D17,D19,D21,D23,D25,D27,D29,D31,D33,D35,D37,D39,D41,D43,D45,D47,D49,D51)/(SUM($C$10,$C$12,$C$14,$C$16,$C$18,$C$20,$C$22,$C$24,$C$26,$C$28,$C$30,$C$32,$C$31,$C$34,$C$36,$C$38,$C$40,$C$42,$C$44,$C$46,$C$48,C50)-C12) -> 0.011179116 | E12: =SUM(E11,E15,E17,E19,E21,E23,E25,E27,E29,E31,E33,E35,E37,E39,E41,E43,E45,E47,E49,E51)/(SUM($C$10,$C$12,$C$14,$C$16,$C$18,$C$20,$C$22,$C$24,$C$26,$C$28,$C$30,$C$32,$C$31,$C$34,$C$36,$C$38,$C$40,$C$42,$C$44,$C$46,$C$48,C50)-C12) -> 0.019804985 | F12: =SUM(F11,F15,F17,F19,F21,F23,F25,F27,F29,F31,F33,F35,F37,F39,F41,F43,F45,F47,F49,F51)/(SUM($C$10,$C$12,$C$14,$C$16,$C$18,$C$20,$C$22,$C$24,$C$26,$C$28,$C$30,$C$32,$C$31,$C$34,$C$36,$C$38,$C$40,$C$42,$C$44,$C$46,$C$48,C50)-C12) -> 0.058991155 | G12: =SUM(G11,G15,G17,G19,G21,G23,G25,G27,G29,G31,G33,G35,G37,G39,G41,G43,G45,G47,G49,G51)/(SUM($C$10,$C$12,$C$14,$C$16,$C$18,$C$20,$C$22,$C$24,$C$26,$C$28,$C$30,$C$32,$C$31,$C$34,$C$36,$C$38,$C$40,$C$42,$C$44,$C$46,$C$48,C50)-C12) -> 0.078118413 | H12: =SUM(H11,H15,H17,H19,H21,H23,H25,H27,H29,H31,H33,H35,H37,H39,H41,H43,H45,H47,H49,H51)/(SUM($C$10,$C$12,$C$14,$C$16,$C$18,$C$20,$C$22,$C$24,$C$26,$C$28,$C$30,$C$32,$C$31,$C$34,$C$36,$C$38,$C$40,$C$42,$C$44,$C$46,$C$48,C50)-C12) -> 0.078118413 | I12: =SUM(I11,I15,I17,I19,I21,I23,I25,I27,I29,I31,I33,I35,I37,I39,I41,I43,I45,I47,I49,I51)/(SUM($C$10,$C$12,$C$14,$C$16,$C$18,$C$20,$C$22,$C$24,$C$26,$C$28,$C$30,$C$32,$C$31,$C$34,$C$36,$C$38,$C$40,$C$42,$C$44,$C$46,$C$48,C50)-C12) -> 0.08403704 | J12: =SUM(J11,J15,J17,J19,J21,J23,J25,J27,J29,J31,J33,J35,J37,J39,J41,J43,J45,J47,J49,J51)/(SUM($C$10,$C$12,$C$14,$C$16,$C$18,$C$20,$C$22,$C$24,$C$26,$C$28,$C$30,$C$32,$C$31,$C$34,$C$36,$C$38,$C$40,$C$42,$C$44,$C$46,$C$48,C50)-C12) -> 0.10937607 | K12: =SUM(K11,K15,K17,K19,K21,K23,K25,K27,K29,K31,K33,K35,K37,K39,K41,K43,K45,K47,K49,K51)/(SUM($C$10,$C$12,$C$14,$C$16,$C$18,$C$20,$C$22,$C$24,$C$26,$C$28,$C$30,$C$32,$C$31,$C$34,$C$36,$C$38,$C$40,$C$42,$C$44,$C$46,$C$48,C50)-C12) -> 0.11942746 | L12: =SUM(L11,L15,L17,L19,L21,L23,L25,L27,L29,L31,L33,L35,L37,L39,L41,L43,L45,L47,L49,L51)/(SUM($C$10,$C$12,$C$14,$C$16,$C$18,$C$20,$C$22,$C$24,$C$26,$C$28,$C$30,$C$32,$C$31,$C$34,$C$36,$C$38,$C$40,$C$42,$C$44,$C$46,$C$48,C50)-C12) -> 0.12036589 | M12: =SUM(M11,M15,M17,M19,M21,M23,M25,M27,M29,M31,M33,M35,M37,M39,M41,M43,M45,M47,M49,M51)/(SUM($C$10,$C$12,$C$14,$C$16,$C$18,$C$20,$C$22,$C$24,$C$26,$C$28,$C$30,$C$32,$C$31,$C$34,$C$36,$C$38,$C$40,$C$42,$C$44,$C$46,$C$48,C50)-C12) -> 0.089477423 | N12: =SUM(N11,N15,N17,N19,N21,N23,N25,N27,N29,N31,N33,N35,N37,N39,N41,N43,N45,N47,N49,N51)/(SUM($C$10,$C$12,$C$14,$C$16,$C$18,$C$20,$C$22,$C$24,$C$26,$C$28,$C$30,$C$32,$C$31,$C$34,$C$36,$C$38,$C$40,$C$42,$C$44,$C$46,$C$48,C50)-C12) -> 0.11288411 | O12: =SUM(O11,O15,O17,O19,O21,O23,O25,O27,O29,O31,O33,O35,O37,O39,O41,O43,O45,O47,O49,O51)/(SUM($C$10,$C$12,$C$14,$C$16,$C$18,$C$20,$C$22,$C$24,$C$26,$C$28,$C$30,$C$32,$C$31,$C$34,$C$36,$C$38,$C$40,$C$42,$C$44,$C$46,$C$48,C50)-C12) -> 0.11821993
D13: =ROUNDDOWN($C12*D12,4) -> 18779.624 | E13: =ROUNDDOWN($C12*E12,4) -> 33270.089 | F13: =ROUNDDOWN($C12*F12,4) -> 99098.332 | G13: =ROUNDDOWN($C12*G12,4) -> 131229.92 | H13: =ROUNDDOWN($C12*H12,4) -> 131229.92 | I13: =ROUNDDOWN($C12*I12,4) -> 141172.53 | J13: =ROUNDDOWN($C12*J12,4) -> 183739.17 | K13: =ROUNDDOWN($C12*K12,4) -> 200624.34 | ... O13: =ROUNDDOWN($C12*O12,4) -> 198595.84
A14: 3 | B14: SERVIÇOS PRELIMINARES | C14: =Resumo!F12 -> 374243.45 | D14: =100%/6 -> 0.16666667 | E14: =100%/6 -> 0.16666667 | F14: =100%/6 -> 0.16666667 | G14: =100%/6 -> 0.16666667 | H14: =100%/6 -> 0.16666667 | I14: =100%/6 -> 0.16666667
D15: =ROUNDDOWN($C14*D14,4) -> 62373.908 | E15: =ROUNDDOWN($C14*E14,4) -> 62373.908 | F15: =ROUNDDOWN($C14*F14,4) -> 62373.908 | G15: =ROUNDDOWN($C14*G14,4) -> 62373.908 | H15: =ROUNDDOWN($C14*H14,4) -> 62373.908 | I15: =ROUNDDOWN($C14*I14,4) -> 62373.908 | J15: =ROUNDDOWN($C14*J14,4) -> 0 | K15: =ROUNDDOWN($C14*K14,4) -> 0 | ... O15: =ROUNDDOWN($C14*O14,4) -> 0
A16: 4 | B16: MOVIMENTO DE TERRA | C16: =Resumo!F13 -> 28406.23 | D16: =100%/3 -> 0.33333333 | E16: =100%/3 -> 0.33333333 | F16: =100%/3 -> 0.33333333
D17: =ROUNDDOWN($C16*D16,4) -> 9468.7433 | E17: =ROUNDDOWN($C16*E16,4) -> 9468.7433 | F17: =ROUNDDOWN($C16*F16,4) -> 9468.7433 | G17: =ROUNDDOWN($C16*G16,4) -> 0 | H17: =ROUNDDOWN($C16*H16,4) -> 0 | I17: =ROUNDDOWN($C16*I16,4) -> 0 | J17: =ROUNDDOWN($C16*J16,4) -> 0 | K17: =ROUNDDOWN($C16*K16,4) -> 0 | ... O17: =ROUNDDOWN($C16*O16,4) -> 0
A18: 5 | B18: FUNDAÇÃO E INFRAESTRUTURA | C18: =Resumo!F14 -> 375294.77 | E18: 0.5 | F18: 0.5
D19: =ROUNDDOWN($C18*D18,4) -> 0 | E19: =ROUNDDOWN($C18*E18,4) -> 187647.39 | F19: =ROUNDDOWN($C18*F18,4) -> 187647.39 | G19: =ROUNDDOWN($C18*G18,4) -> 0 | H19: =ROUNDDOWN($C18*H18,4) -> 0 | I19: =ROUNDDOWN($C18*I18,4) -> 0 | J19: =ROUNDDOWN($C18*J18,4) -> 0 | K19: =ROUNDDOWN($C18*K18,4) -> 0 | ... O19: =ROUNDDOWN($C18*O18,4) -> 0
A20: 6 | B20: SUPERESTRUTURA | C20: =Resumo!F15 -> 507105.72 | G20: =100%/3 -> 0.33333333 | H20: =100%/3 -> 0.33333333 | I20: =100%/3 -> 0.33333333
D21: =ROUNDDOWN($C20*D20,4) -> 0 | E21: =ROUNDDOWN($C20*E20,4) -> 0 | F21: =ROUNDDOWN($C20*F20,4) -> 0 | G21: =ROUNDDOWN($C20*G20,4) -> 169035.24 | H21: =ROUNDDOWN($C20*H20,4) -> 169035.24 | I21: =ROUNDDOWN($C20*I20,4) -> 169035.24 | J21: =ROUNDDOWN($C20*J20,4) -> 0 | K21: =ROUNDDOWN($C20*K20,4) -> 0 | ... O21: =ROUNDDOWN($C20*O20,4) -> 0
A22: 7 | B22: ELEMENTOS DE FECHAMENTO | C22: =Resumo!F16 -> 84714.11 | G22: =100%/4 -> 0.25 | H22: =100%/4 -> 0.25 | I22: =100%/4 -> 0.25 | J22: =100%/4 -> 0.25
D23: =ROUNDDOWN($C22*D22,4) -> 0 | E23: =ROUNDDOWN($C22*E22,4) -> 0 | F23: =ROUNDDOWN($C22*F22,4) -> 0 | G23: =ROUNDDOWN($C22*G22,4) -> 21178.528 | H23: =ROUNDDOWN($C22*H22,4) -> 21178.528 | I23: =ROUNDDOWN($C22*I22,4) -> 21178.528 | J23: =ROUNDDOWN($C22*J22,4) -> 21178.528 | K23: =ROUNDDOWN($C22*K22,4) -> 0 | ... O23: =ROUNDDOWN($C22*O22,4) -> 0
A24: 8 | B24: COBERTURAS | C24: =Resumo!F17 -> 69109.11 | I24: 0.5 | J24: 0.5
D25: =ROUNDDOWN($C24*D24,4) -> 0 | E25: =ROUNDDOWN($C24*E24,4) -> 0 | F25: =ROUNDDOWN($C24*F24,4) -> 0 | G25: =ROUNDDOWN($C24*G24,4) -> 0 | H25: =ROUNDDOWN($C24*H24,4) -> 0 | I25: =ROUNDDOWN($C24*I24,4) -> 34554.555 | J25: =ROUNDDOWN($C24*J24,4) -> 34554.555 | K25: =ROUNDDOWN($C24*K24,4) -> 0 | ... O25: =ROUNDDOWN($C24*O24,4) -> 0
A26: 9 | B26: IMPERMEABILIZAÇÃO, ISOLAMENTO TÉRMICO E ACÚSTICO | C26: =Resumo!F18 -> 188398.8 | I26: 0.5 | J26: 0.5
D27: =ROUNDDOWN($C26*D26,4) -> 0 | E27: =ROUNDDOWN($C26*E26,4) -> 0 | F27: =ROUNDDOWN($C26*F26,4) -> 0 | G27: =ROUNDDOWN($C26*G26,4) -> 0 | H27: =ROUNDDOWN($C26*H26,4) -> 0 | I27: =ROUNDDOWN($C26*I26,4) -> 94199.4 | J27: =ROUNDDOWN($C26*J26,4) -> 94199.4 | K27: =ROUNDDOWN($C26*K26,4) -> 0 | ... O27: =ROUNDDOWN($C26*O26,4) -> 0
A28: 10 | B28: ESQUADRIAS E VIDROS | C28: =Resumo!F19 -> 1781249.7 | J28: =100%/3 -> 0.33333333 | K28: =100%/3 -> 0.33333333 | L28: =100%/3 -> 0.33333333
D29: =ROUNDDOWN($C28*D28,4) -> 0 | E29: =ROUNDDOWN($C28*E28,4) -> 0 | F29: =ROUNDDOWN($C28*F28,4) -> 0 | G29: =ROUNDDOWN($C28*G28,4) -> 0 | H29: =ROUNDDOWN($C28*H28,4) -> 0 | I29: =ROUNDDOWN($C28*I28,4) -> 0 | J29: =ROUNDDOWN($C28*J28,4) -> 593749.91 | K29: =ROUNDDOWN($C28*K28,4) -> 593749.91 | ... O29: =ROUNDDOWN($C28*O28,4) -> 0
A30: 11 | B30: INSTALAÇÕES HIDRÁULICAS E SANITÁRIAS | C30: =Resumo!F20 -> 545592.27 | K30: 0.5 | L30: 0.5
D31: =ROUNDDOWN($C30*D30,4) -> 0 | E31: =ROUNDDOWN($C30*E30,4) -> 0 | F31: =ROUNDDOWN($C30*F30,4) -> 0 | G31: =ROUNDDOWN($C30*G30,4) -> 0 | H31: =ROUNDDOWN($C30*H30,4) -> 0 | I31: =ROUNDDOWN($C30*I30,4) -> 0 | J31: =ROUNDDOWN($C30*J30,4) -> 0 | K31: =ROUNDDOWN($C30*K30,4) -> 272796.14 | ... O31: =ROUNDDOWN($C30*O30,4) -> 0
A32: 12 | B32: INSTALAÇÕES ELÉTRICAS | C32: =Resumo!F21 -> 7752405.4 | F32: =100%/10 -> 0.1 | G32: =100%/10 -> 0.1 | H32: =100%/10 -> 0.1 | I32: =100%/10 -> 0.1 | J32: =100%/10 -> 0.1 | K32: =100%/10 -> 0.1 | L32: =100%/10 -> 0.1 | M32: =100%/10 -> 0.1 | ... O32: =100%/10 -> 0.1
D33: =ROUNDDOWN($C32*D32,4) -> 0 | E33: =ROUNDDOWN($C32*E32,4) -> 0 | F33: =ROUNDDOWN($C32*F32,4) -> 775240.54 | G33: =ROUNDDOWN($C32*G32,4) -> 775240.54 | H33: =ROUNDDOWN($C32*H32,4) -> 775240.54 | I33: =ROUNDDOWN($C32*I32,4) -> 775240.54 | J33: =ROUNDDOWN($C32*J32,4) -> 775240.54 | K33: =ROUNDDOWN($C32*K32,4) -> 775240.54 | ... O33: =ROUNDDOWN($C32*O32,4) -> 775240.54
A34: 13 | B34: INSTALAÇÕES LÓGICA / TELEFONIA /CFTV | C34: =Resumo!F22 -> 772164.38 | F34: =100%/10 -> 0.1 | G34: =100%/10 -> 0.1 | H34: =100%/10 -> 0.1 | I34: =100%/10 -> 0.1 | J34: =100%/10 -> 0.1 | K34: =100%/10 -> 0.1 | L34: =100%/10 -> 0.1 | M34: =100%/10 -> 0.1 | ... O34: =100%/10 -> 0.1
D35: =ROUNDDOWN($C34*D34,4) -> 0 | E35: =ROUNDDOWN($C34*E34,4) -> 0 | F35: =ROUNDDOWN($C34*F34,4) -> 77216.438 | G35: =ROUNDDOWN($C34*G34,4) -> 77216.438 | H35: =ROUNDDOWN($C34*H34,4) -> 77216.438 | I35: =ROUNDDOWN($C34*I34,4) -> 77216.438 | J35: =ROUNDDOWN($C34*J34,4) -> 77216.438 | K35: =ROUNDDOWN($C34*K34,4) -> 77216.438 | ... O35: =ROUNDDOWN($C34*O34,4) -> 77216.438
A36: 14 | B36: INSTALAÇÃO DE INCÊNDIO | C36: =Resumo!F23 -> 1897815.1 | D36: =100%/12 -> 0.083333333 | E36: =100%/12 -> 0.083333333 | F36: =100%/12 -> 0.083333333 | G36: =100%/12 -> 0.083333333 | H36: =100%/12 -> 0.083333333 | I36: =100%/12 -> 0.083333333 | J36: =100%/12 -> 0.083333333 | K36: =100%/12 -> 0.083333333 | ... O36: =100%/12 -> 0.083333333
D37: =ROUNDDOWN($C36*D36,4) -> 158151.26 | E37: =ROUNDDOWN($C36*E36,4) -> 158151.26 | F37: =ROUNDDOWN($C36*F36,4) -> 158151.26 | G37: =ROUNDDOWN($C36*G36,4) -> 158151.26 | H37: =ROUNDDOWN($C36*H36,4) -> 158151.26 | I37: =ROUNDDOWN($C36*I36,4) -> 158151.26 | J37: =ROUNDDOWN($C36*J36,4) -> 158151.26 | K37: =ROUNDDOWN($C36*K36,4) -> 158151.26 | ... O37: =ROUNDDOWN($C36*O36,4) -> 158151.26
A38: 15 | B38: AR CONDICIONADO | C38: =Resumo!F24 -> 3806975.1 | G38: =100%/9 -> 0.11111111 | H38: =100%/9 -> 0.11111111 | I38: =100%/9 -> 0.11111111 | J38: =100%/9 -> 0.11111111 | K38: =100%/9 -> 0.11111111 | L38: =100%/9 -> 0.11111111 | M38: =100%/9 -> 0.11111111 | N38: =100%/9 -> 0.11111111 | O38: =100%/9 -> 0.11111111
D39: =ROUNDDOWN($C38*D38,4) -> 0 | E39: =ROUNDDOWN($C38*E38,4) -> 0 | F39: =ROUNDDOWN($C38*F38,4) -> 0 | G39: =ROUNDDOWN($C38*G38,4) -> 422997.24 | H39: =ROUNDDOWN($C38*H38,4) -> 422997.24 | I39: =ROUNDDOWN($C38*I38,4) -> 422997.24 | J39: =ROUNDDOWN($C38*J38,4) -> 422997.24 | K39: =ROUNDDOWN($C38*K38,4) -> 422997.24 | ... O39: =ROUNDDOWN($C38*O38,4) -> 422997.24
A40: 16 | B40: REVESTIMENTO PAREDE | C40: =Resumo!F25 -> 81658.45 | L40: =100%/4 -> 0.25 | M40: =100%/4 -> 0.25 | N40: =100%/4 -> 0.25 | O40: =100%/4 -> 0.25
D41: =ROUNDDOWN($C40*D40,4) -> 0 | E41: =ROUNDDOWN($C40*E40,4) -> 0 | F41: =ROUNDDOWN($C40*F40,4) -> 0 | G41: =ROUNDDOWN($C40*G40,4) -> 0 | H41: =ROUNDDOWN($C40*H40,4) -> 0 | I41: =ROUNDDOWN($C40*I40,4) -> 0 | J41: =ROUNDDOWN($C40*J40,4) -> 0 | K41: =ROUNDDOWN($C40*K40,4) -> 0 | ... O41: =ROUNDDOWN($C40*O40,4) -> 20414.612
A42: 17 | B42: REVESTIMENTO PISO | C42: =Resumo!F26 -> 1133310.5 | J42: =100%/6 -> 0.16666667 | K42: =100%/6 -> 0.16666667 | L42: =100%/6 -> 0.16666667 | M42: =100%/6 -> 0.16666667 | N42: =100%/6 -> 0.16666667 | O42: =100%/6 -> 0.16666667
D43: =ROUNDDOWN($C42*D42,4) -> 0 | E43: =ROUNDDOWN($C42*E42,4) -> 0 | F43: =ROUNDDOWN($C42*F42,4) -> 0 | G43: =ROUNDDOWN($C42*G42,4) -> 0 | H43: =ROUNDDOWN($C42*H42,4) -> 0 | I43: =ROUNDDOWN($C42*I42,4) -> 0 | J43: =ROUNDDOWN($C42*J42,4) -> 188885.08 | K43: =ROUNDDOWN($C42*K42,4) -> 188885.08 | ... O43: =ROUNDDOWN($C42*O42,4) -> 188885.08
A44: 18 | B44: PINTURA | C44: =Resumo!F27 -> 583792.84 | M44: =100%/3 -> 0.33333333 | N44: =100%/3 -> 0.33333333 | O44: =100%/3 -> 0.33333333
D45: =ROUNDDOWN($C44*D44,4) -> 0 | E45: =ROUNDDOWN($C44*E44,4) -> 0 | F45: =ROUNDDOWN($C44*F44,4) -> 0 | G45: =ROUNDDOWN($C44*G44,4) -> 0 | H45: =ROUNDDOWN($C44*H44,4) -> 0 | I45: =ROUNDDOWN($C44*I44,4) -> 0 | J45: =ROUNDDOWN($C44*J44,4) -> 0 | K45: =ROUNDDOWN($C44*K44,4) -> 0 | ... O45: =ROUNDDOWN($C44*O44,4) -> 194597.61
A46: 19 | B46: EQUIPAMENTOS | C46: =Resumo!F28 -> 478972.84 | K46: =100%/5 -> 0.2 | L46: =100%/5 -> 0.2 | M46: =100%/5 -> 0.2 | N46: =100%/5 -> 0.2 | O46: =100%/5 -> 0.2
D47: =ROUNDDOWN($C46*D46,4) -> 0 | E47: =ROUNDDOWN($C46*E46,4) -> 0 | F47: =ROUNDDOWN($C46*F46,4) -> 0 | G47: =ROUNDDOWN($C46*G46,4) -> 0 | H47: =ROUNDDOWN($C46*H46,4) -> 0 | I47: =ROUNDDOWN($C46*I46,4) -> 0 | J47: =ROUNDDOWN($C46*J46,4) -> 0 | K47: =ROUNDDOWN($C46*K46,4) -> 95794.568 | ... O47: =ROUNDDOWN($C46*O46,4) -> 95794.568
A48: 20 | B48: FORRO | C48: =Resumo!F29 -> 1018379.5 | N48: 0.5 | O48: 0.5
D49: =ROUNDDOWN($C48*D48,4) -> 0 | E49: =ROUNDDOWN($C48*E48,4) -> 0 | F49: =ROUNDDOWN($C48*F48,4) -> 0 | G49: =ROUNDDOWN($C48*G48,4) -> 0 | H49: =ROUNDDOWN($C48*H48,4) -> 0 | I49: =ROUNDDOWN($C48*I48,4) -> 0 | J49: =ROUNDDOWN($C48*J48,4) -> 0 | K49: =ROUNDDOWN($C48*K48,4) -> 0 | ... O49: =ROUNDDOWN($C48*O48,4) -> 509189.77
A50: 21 | B50: SERVIÇOS COMPLEMENTARES | C50: =Resumo!F30 -> 158362.43 | D50: =100%/12 -> 0.083333333 | E50: =100%/12 -> 0.083333333 | F50: =100%/12 -> 0.083333333 | G50: =100%/12 -> 0.083333333 | H50: =100%/12 -> 0.083333333 | I50: =100%/12 -> 0.083333333 | J50: =100%/12 -> 0.083333333 | K50: =100%/12 -> 0.083333333 | ... O50: =100%/12 -> 0.083333333
D51: =ROUNDDOWN($C50*D50,4) -> 13196.869 | E51: =ROUNDDOWN($C50*E50,4) -> 13196.869 | F51: =ROUNDDOWN($C50*F50,4) -> 13196.869 | G51: =ROUNDDOWN($C50*G50,4) -> 13196.869 | H51: =ROUNDDOWN($C50*H50,4) -> 13196.869 | I51: =ROUNDDOWN($C50*I50,4) -> 13196.869 | J51: =ROUNDDOWN($C50*J50,4) -> 13196.869 | K51: =ROUNDDOWN($C50*K50,4) -> 13196.869 | ... O51: =ROUNDDOWN($C50*O50,4) -> 13196.869
A52: TOTAL DA ETAPA | C52: 23433911 | D52: =D11+D13+D15+D17+D19+D21+D23+D25+D27+D29+D31+D33+D35+D37+D39+D41+D43+D45+D47+D49+D51 -> 261970.4 | E52: =E11+E13+E15+E17+E19+E21+E23+E25+E27+E29+E31+E33+E35+E37+E39+E41+E43+E45+E47+E49+E51 -> 464108.25 | F52: =F11+F13+F15+F17+F19+F21+F23+F25+F27+F29+F31+F33+F35+F37+F39+F41+F43+F45+F47+F49+F51 -> 1382393.5 | G52: =G11+G13+G15+G17+G19+G21+G23+G25+G27+G29+G31+G33+G35+G37+G39+G41+G43+G45+G47+G49+G51 -> 1830619.9 | H52: =H11+H13+H15+H17+H19+H21+H23+H25+H27+H29+H31+H33+H35+H37+H39+H41+H43+H45+H47+H49+H51 -> 1830619.9 | I52: =I11+I13+I15+I17+I19+I21+I23+I25+I27+I29+I31+I33+I35+I37+I39+I41+I43+I45+I47+I49+I51 -> 1969316.5 | J52: =J11+J13+J15+J17+J19+J21+J23+J25+J27+J29+J31+J33+J35+J37+J39+J41+J43+J45+J47+J49+J51 -> 2563109 | K52: =K11+K13+K15+K17+K19+K21+K23+K25+K27+K29+K31+K33+K35+K37+K39+K41+K43+K45+K47+K49+K51 -> 2798652.4 | ... O52: =O11+O13+O15+O17+O19+O21+O23+O25+O27+O29+O31+O33+O35+O37+O39+O41+O43+O45+O47+O49+O51 -> 2770355.3
A53: Custo | D53: =D52/$C$52 -> 0.011179116 | E53: =E52/$C$52 -> 0.019804985 | F53: =F52/$C$52 -> 0.058991155 | G53: =G52/$C$52 -> 0.078118413 | H53: =H52/$C$52 -> 0.078118413 | I53: =I52/$C$52 -> 0.08403704 | J53: =J52/$C$52 -> 0.10937607 | K53: =K52/$C$52 -> 0.11942746 | ... O53: =O52/$C$52 -> 0.11821993
A54: VALOR ACUMULADO | D54: =D52 -> 261970.4 | E54: =D54+E52 -> 726078.66 | F54: =E54+F52 -> 2108472.1 | G54: =F54+G52 -> 3939092.1 | H54: =G54+H52 -> 5769712 | I54: =H54+I52 -> 7739028.5 | J54: =I54+J52 -> 10302138 | K54: =J54+K52 -> 13100790 | L54: =K54+L52 -> 15921433 | ... O54: =N54+O52 -> 23433911
A55: PORCENTAGEM ACUMULADA | D55: =D53 -> 0.011179116 | E55: =D55+E53 -> 0.030984101 | F55: =E55+F53 -> 0.089975256 | G55: =F55+G53 -> 0.16809367 | H55: =G55+H53 -> 0.24621208 | I55: =H55+I53 -> 0.33024912 | J55: =I55+J53 -> 0.43962519 | K55: =J55+K53 -> 0.55905265 | L55: =K55+L53 -> 0.67941853 | ... O55: =N55+O53 -> 1
